 Dungeon Crawl Stone Soup version 0.15.2 (webtiles) character file.

112 Heini the Covered (level 4, -3/41 HPs)
             Began as a Minotaur Fighter on Feb 2, 2015.
             Killed by divine providence
             ... invoked by an orc priest
              (11 damage)
             ... on Level 3 of the Dungeon.
             The game lasted 00:05:01 (1835 turns).

Heini the Covered (Minotaur Fighter)                Turns: 1835, Time: 00:05:03

HP  -3/41        AC 13     Str 21      XL: 4   Next: 63%
MP   2/2         EV  6     Int  5      God:
Gold 170         SH  9     Dex 10      Spells:  0 memorised,  3 levels left

rFire  . . .     SeeInvis .     n - +2 mace (protect)
rCold  . . .     Clarity  .     b - +0 scale mail
rNeg   . . .     rCorr    .     c - +0 shield
rPois  +         rRot     .     (helmet restricted)
rElec  .         Spirit   .     (no cloak)
SustAb .         Warding  .     (no gloves)
rMut   .         Stasis   .     j - +0 pair of boots
Gourm  .                        q - amulet of rage
MR     .....                    (no ring)
                                m - ring of poison resistance

@: not resistant to hostile enchantments, extremely unstealthy
A: retaliatory headbutt, horns 2
a: Evoke Berserk Rage


You were on level 3 of the Dungeon.
You were not hungry.

You visited 1 branch of the dungeon, and saw 3 of its levels.

You collected 170 gold pieces.

Inventory:

Hand weapons
 a - a +0 flail
 n - a +2 mace of protection (weapon)
Armour
 b - a +0 scale mail (worn)
 c - a +0 shield (worn)
 j - a +0 pair of boots (worn)
Magical devices
 p - a wand of teleportation (6) {unknown}
Comestibles
 d - 2 bread rations
 s - 3 chunks of hobgoblin flesh
 w - 2 chunks of goblin flesh
Scrolls
 f - 3 scrolls of identify {unknown}
 i - 2 scrolls of fear {unknown}
 k - 2 scrolls of teleportation {unknown}
 t - a scroll of noise {unknown}
 u - 2 scrolls of enchant armour {unknown}
Jewellery
 m - a ring of poison resistance (left hand)
 q - an amulet of rage (around neck)
Potions
 e - a potion of might
 g - a potion of agility {unknown}
 h - 3 potions of curing {unknown}
 l - a potion of cure mutation {unknown}
 r - 2 potions of cancellation {unknown}
 v - a potion of brilliance {unknown}
Books
 o - a book of Cantrips

   Spells                             Type                      Level
   Corona                             Hexes                        1
   Animate Skeleton                   Necromancy                   1
   Summon Small Mammal                Summoning                    1
   Apportation                        Translocation                1


   Skills:
 * Level 4.8 Fighting
 * Level 3.4 Maces & Flails
 * Level 5.1 Armour
 - Level 3.6 Shields


You had 3 spell levels left.
You didn't know any spells.

Dungeon Overview and Level Annotations

Branches:
Dungeon (3/15)

Altars:
Elyvilon
Trog


Innate Abilities, Weirdness & Mutations

You reflexively headbutt those who attack you in melee.
You have a pair of horns on your head.


Message History

The orc hits you but does no damage.
The orc priest looks braver.
Found a bread ration.
An orc comes into view. It is wielding a hand axe.
You hit the orc.
The orc is heavily wounded.
The orc priest looks braver.
The orc hits you with a hand axe.
You closely miss the orc. Your headbutt misses the orc.
The orc is heavily wounded.
The orc priest mumbles some strange prayers to Beogh against you.
Something smites you! The orc hits you with a hand axe.
Your shield prevents you from hitting the orc.
The orc is heavily wounded.
The orc priest calls down the wrath of Beogh upon you.
Something smites you!
* * * LOW HITPOINT WARNING * * *
The orc priest mumbles some strange prayers to Beogh against you.
Something smites you!
You die...

#....)#
#.#
#.....###
#.#
#.......#
#.#
#.......#
#.#
#.#.....#
#.#
#.#.#...#
#.# #
#.#...#
#.#
#.#.#.#
#@#.#..#
#o#.#..#
#o#.#...
#.#.#
#.#. #o#
#.# #o#
#o#


You could see 2 orc priests and 3 orcs.

Vanquished Creatures
  3 gnolls (D:2)
  4 worms (D:2)
  10 bats
  2 giant cockroaches (D:2)
  7 hobgoblins
  6 jackals (D:1)
  9 kobolds
  7 giant newts
  7 goblins
  A quokka (D:3)
  3 rats
59 creatures vanquished.

Notes
Turn   | Place    | Note
--------------------------------------------------------------
     0 | D:1      | Heini, the Minotaur Fighter, began the quest for the Orb.
     0 | D:1      | Reached XP level 1. HP: 19/19 MP: 1/1
    66 | D:1      | Reached skill level 4 in Fighting
    73 | D:1      | Reached XP level 2. HP: 24/27 MP: 1/1
   912 | D:2      | Reached XP level 3. HP: 27/34 MP: 2/2
  1062 | D:2      | Found a white marble altar of Elyvilon.
  1072 | D:2      | Found a bloodstained altar of Trog.
  1104 | D:2      | Reached XP level 4. HP: 16/41 MP: 2/2
  1556 | D:2      | Reached skill level 5 in Armour
  1835 | D:3      | Killed from afar by an orc priest

Action                   |  1- 3 |  4- 6 || total
-------------------------+-------+-------++-------
Melee: Flail             |    57 |       ||    57
       Mace              |    38 |    53 ||    91
  Eat: Chunk             |     1 |     2 ||     3
